 Dungeon Crawl Stone Soup version 0.29-a0-321-gf1c400731a (webtiles) character file.

Game seed: 8909507774756522941

150481 experimilk the Severer (level 16, -4/145 HPs)
             Began as a Palentonga Fighter on Apr 3, 2022.
             Was a High Priest of Okawaru.
             Blown up by an orb spider (40 damage)
             ... with an orb of destruction
             ... on level 4 of the Spider Nest.
             The game lasted 02:06:56 (38166 turns).

experimilk the Severer (Palentonga Fighter)        Turns: 38166, Time: 02:06:57

Health: -4/145     AC: 49    Str: 33    XL:     16   Next: 98%
Magic:  24/24      EV:  7    Int: 10    God:    Okawaru [*****.]
Gold:   838        SH:  5    Dex: 11    Spells: 15/15 levels left

rFire   + . .      SeeInvis +   a - +6 battleaxe (freeze)
rCold   + . .      Faith    .   (shield currently unavailable)
rNeg    + . .      Spirit   .   Y - +8 chain mail of the Clam {rPois rN+ Int+5}
rPois   +          Reflect  +   i - +2 helmet of the Harvest {Str+7 Int-4}
rElec   .          Harm     .   t - +2 cloak {Stlth+}
rCorr   +          Rampage  .   x - +2 pair of gloves {Stlth+}
Will    +....                   P - +4 barding {rF+}
Stlth   ++........              E - amulet of reflection
HPRegen 0.34/turn               O - ring of poison resistance
MPRegen 0.19/turn               N - ring of Qazlal's Felicitations {rC+ rCorr}

@: heroic, on berserk cooldown, slowed, curled up, very slow
A: large, rugged brown scales 3, see invisible, deformed body, roll 1, armoured
tail, reflexive curl
a: Rolling Charge, Renounce Religion, Heroism, Finesse, Duel


You were on level 4 of the Spider Nest.
You worshipped Okawaru.
Okawaru was extremely pleased with you.
You visited 5 branches of the dungeon, and saw 28 of its levels.
You visited 1 bazaar.
You also visited: Ossuary and Gauntlet.

You collected 2879 gold pieces.
You spent 2041 gold pieces at shops.

Inventory:

Hand Weapons
 a - a +6 battleaxe of freezing (weapon)
 c - a +2 battleaxe
 w - a +5 battleaxe of flaming
Missiles
 l - 8 javelins (quivered)
 A - 22 boomerangs
 B - 4 silver javelins
 J - 12 curare-tipped darts
 K - 46 poisoned darts
 L - 3 atropa-tipped darts
Armour
 e - +0 fire dragon scales
 i - the +2 helmet of the Harvest (worn) {Str+7 Int-4}
   (You found it on level 14 of the Dungeon)

   Str:       It affects your strength (+7).
   Int:       It affects your intelligence (-4).
 m - the +1 plate armour "Neperaf" {MP+9}
   (You found it on level 2 of the Spider Nest)

   MP:        It affects your magic capacity (+9).
 t - a +2 cloak of stealth (worn)
 x - a +2 pair of gloves of stealth (worn)
 P - a +4 barding of fire resistance (worn)
 Y - the +8 chain mail of the Clam (worn) {rPois rN+ Int+5}
   (Okawaru gifted it to you on level 11 of the Dungeon)

   Int:       It affects your intelligence (+5).
   rPois:     It protects you from poison.
   rN:        It protects you from negative energy.
Jewellery
 d - a ring of protection from fire
 C - a ring of resist corrosion
 E - an amulet of reflection (around neck)
 N - the ring of Qazlal's Felicitations (right hand) {rC+ rCorr}
   (You bought it in a shop in a bazaar)

   [ring of protection from cold]

   rC:        It protects you from cold.
   rCorr:     It protects you from acid and corrosion.
 O - a ring of poison resistance (left hand)
 W - a +6 ring of strength
Wands
 y - a wand of digging (13)
Scrolls
 b - a scroll of holy word
 h - 5 scrolls of silence
 n - 4 scrolls of fog
 p - a scroll of brand weapon
 s - 3 scrolls of teleportation
 u - 3 scrolls of vulnerability
 G - 3 scrolls of blinking
 H - 3 scrolls of fear
 Q - 12 scrolls of identify
Potions
 f - 6 potions of resistance
 j - 9 potions of curing
 k - a potion of berserk rage
 o - 7 potions of mutation
 q - 3 potions of heal wounds
 v - 7 potions of attraction
 z - a potion of might
 D - 5 potions of magic
 F - 3 potions of flight
 I - 6 potions of brilliance
 S - 4 potions of haste
 U - 10 potions of lignification
 X - a potion of invisibility
Miscellaneous
 r - a phial of floods
 R - a piece from Xom's chessboard (15/15)
 V - a tin of tremorstones (1/2)


   Skills:
 - Level 15.0(20.0) Fighting
 * Level 19.9(24.9) Axes
 - Level 9.0(14.0) Throwing
 + Level 10.5(15.5) Armour
 - Level 2.4(7.4) Shields
 + Level 11.4 Invocations


You had 15 spell levels left.
You didn't know any spells.
Your spell library contained the following spells:

 Spells                   Type           Power      Damage    Failure   Level
 Apportation              Tloc           0%         N/A       71%         1
 Beastly Appendage        Tmut           0%         N/A       71%         1
 Ensorcelled Hibernation  Hex/Ice        0%         N/A       85%         2
 Scorch                   Fire           0%         2d5       85%         2
 Sublimation of Blood     Necr           0%         N/A       85%         2
 Wereblood                Tmut           0%         N/A       85%         2
 Portal Projectile        Hex/Tloc       0%         N/A       97%         3
 Spider Form              Tmut/Pois      0%         N/A       97%         3
 Stone Arrow              Conj/Erth      0%         3d7       97%         3
 Anguish                  Hex/Necr       0%         N/A       100%        4
 Flame Wave               Conj/Fire      0%         2d4       100%        4
 Leda's Liquefaction      Hex/Erth       0%         N/A       100%        4
 Olgreb's Toxic Radiance  Pois           0%         N/A       100%        4
 Passage of Golubria      Tloc           0%         N/A       100%        4
 Alistair's Intoxication  Tmut/Pois      0%         N/A       100%        5
 Borgnjor's Vile Clutch   Necr/Erth      0%         N/A       100%        5
 Yara's Violent Unravell  Hex/Tmut       0%         3d3       100%        5
 Dispersal                Tloc           0%         N/A       100%        6
 Eringya's Noxious Bog    Tmut/Pois      0%         N/A       100%        6
 Ozocubu's Refrigeration  Ice            0%         4d5       100%        7
 Disjunction              Tloc           0%         N/A       100%        8
 Ignition                 Fire           0%         3d3       100%        8
 Lehudib's Crystal Spear  Conj/Erth      0%         10d2      100%        8
 Animate Skeleton         Necr           Unusable   N/A       N/A         1
 Summon Small Mammal      Summ           Unusable   N/A       N/A         1
 Call Canine Familiar     Summ           Unusable   N/A       N/A         3
 Tukima's Dance           Hex            Unusable   N/A       N/A         3
 Animate Armour           Summ/Erth      Unusable   N/A       N/A         4
 Summon Cactus Giant      Summ           Unusable   N/A       N/A         6
 Summon Hydra             Summ           Unusable   N/A       N/A         7

Dungeon Overview and Level Annotations

Branches:
Dungeon (15/15)            Temple (1/1) D:4            Lair (6/6) D:8
  Swamp (0/4) Lair:4       Spider (4/4) Lair:2        Slime (0/5) Lair:5
    Orc (2/2) D:11            Elf (0/3) Orc:2        Vaults (0/5) D:13
 Depths (0/4) D:15        Ossuary (visited)         Gauntlet (visited)

Altars:
Ashenzari
Cheibriados
Dithmenos
Elyvilon
Fedhas
Gozag
Hepliaklqana
Kikubaaqudgha
Makhleb
Nemelex Xobeh
Okawaru
Qazlal
Ru
Sif Muna
Trog
Uskayaw
Vehumet
Wu Jian
Xom
Yredelemnul
Zin
The Shining One
Beogh
Jiyva

Shops:
D:4 (   D:5 *   D:7 *   Orc:1 !   Orc:2 *(:[

Annotations:
Lair:6 exclusion: oklob plant
Spider:1 Roxanne


Innate Abilities, Weirdness & Mutations

You are completely covered in rugged brown scales. (AC +3, +7% HP)
You have supernaturally acute eyesight. (SInv)
Armour fits poorly on your strangely shaped body.
You can roll at nearby foes to attack.
You have a long armoured tail.
You curl defensively after being hit. (AC +7*)


Message History

You slice the ghost moth!! You freeze the ghost moth.
You kill the ghost moth!
Okawaru accepts your kill.
You are covered in liquid flames!
* * * LOW HITPOINT WARNING * * *
You feel sick.
You are covered in liquid flames!
* * * LOW HITPOINT WARNING * * *
You are no longer berserk.
You are exhausted.
You feel yourself slow down.
You feel sick.
You see here a demonic crawler corpse.
You are covered in liquid flames!
* * * LOW HITPOINT WARNING * * *
You are no longer on fire.
You feel sick.
The orb spider spins a strand of pure energy.
You feel much better.
You feel sick.
The orb spider weaves a glowing orb of energy.
The jumping spider leaps!
An orb of destruction comes into view.
You are confused.
You feel invigorated.
You feel sick.
You are no longer poisoned.
The jumping spider hisses angrily.
The orb of destruction hits you!!!
* * * LOW HITPOINT WARNING * * *
You feel much better.
The orb spider pulsates with a strange energy.
Okay, then.
You feel less invigorated.
You feel less confused.
The jumping spider leaps! x2
The orb spider weaves a glowing orb of energy.
An orb of destruction comes into view.
The jumping spider pounces on you but does no damage.
The jumping spider bites you but does no damage.
The jumping spider attacks as you move away!
You block the jumping spider's attack. x2; The orb of destruction hits you!!!
You die...

#..#####...#####..#..#####...
#.## #..^# #..#.#^#..# ###
#(..# #..#.^^..^. ## #††.# ##
#..#.....## ##! #††.# .##
#...###..# ##^. #††.# ..##
##..#.#### #..^##'''##...#
#....#..# #...^.......#
##..##^.# ##.......@.##
#..##..# ##...(†s.○(##
##...... #.......○s.^#
#....... #..^...°....#
#.###### #...#.†○s.#^..# ###
# ....###.†.###.... # ...^^
#..††.# ..^..
.....^..............
^..^............^^..


You could see an orb spider and 2 jumping spiders.

Vanquished Creatures
  Arachne (Spider:4)
  Jorgrun (D:13)
  Gastronok (D:8)
  Kirke (D:13)
  The ghost of Onwo the Blocker, a journeyman DDNe of Uskayaw (D:14)
  2 emperor scorpions (Spider:2)
  3 orc warlords
  3 ghost moths (Spider:4)
  A broodmother (Spider:4)
  An entropy weaver (Arena)
  A minotaur (Gauntlet)
  Josephine (D:13)
  Snorg (Lair:6)
  The ghost of Ydeghy the Slicer, a journeyman OpWr (Arena)
  2 fire dragons (D:15)
  An ogre mage (D:15)
  6 hydras
  6 catoblepae
  2 centaur warriors
  2 death knights
  7 jorogumos
  3 boulder beetles
  A radroach (Spider:1)
  Erolcha (D:9)
  7 two-headed ogres
  A tengu warrior (D:15)
  19 death yaks
  3 orc high priests (Orc:2)
  Urug (D:13)
  3 sun moths
  4 steelbarb worms
  2 pharaoh ants
  A deep troll (Lair:4)
  An obsidian statue (Arena)
  A wizard (D:13)
  A lindwurm (shapeshifter) (D:14)
  4 orb spiders
  Pikel (D:8)
  5 orc knights
  2 deep elf pyromancers
  4 orc sorcerers (Orc:2)
  A necromancer (D:13)
  17 ugly things
  5 manticores
  5 cyclopes
  Maurice (D:9)
  A will-o-the-wisp (Lair:4)
  2 moths of wrath (Spider:4)
  14 wolf spiders
  4 black mambas
  Maggie (D:8)
  A gargoyle (D:14)
  6 torpor snails
  14 cane toads
  2 freezing wraiths (D:15)
  A minotaur zombie (Gauntlet)
  2 efreet
  15 demonic crawlers
  3 rime drakes
  8 komodo dragons
  A tengu conjurer (D:15)
  7 trolls
  3 polar bears
  3 meliai (Spider:1)
  15 blink frogs
  9 slime creatures (D:13)
  20 tarantellas
  Sigmund (D:3)
  15 culicivoras
  29 jumping spiders
  3 shadows
  6 wraiths
  5 wyverns
  A centaur simulacrum (D:14)
  90 yaks
  A steam dragon (D:9)
  A basilisk (Lair:1)
  A fire elemental (Gauntlet)
  3 humans (D:13)
  5 vampire mosquitoes
  35 redbacks
  3 wargs (Orc:2)
  An acid dragon (D:8)
  7 water moccasins
  A hell hound (Gauntlet)
  34 orc warriors
  An ice beast (D:7)
  A black bear (D:7)
  18 wolves
  3 centaurs
  9 ogres
  2 kobold brigands
  A necrophage (D:8)
  14 bullfrogs
  3 gnoll sergeants
  13 wights
  2 scorpions
  5 killer bees (D:11)
  2 electric eels (Lair:2)
  5 howler monkeys
  4 human zombies (Ossuary)
  A centaur zombie (Ossuary)
  A hound (D:6)
  A gnoll shaman (D:9)
  12 orc priests
  6 iguanas
  5 jellies
  Jessica (D:3)
  7 hell rats (Lair:4)
  20 orc wizards
  4 mummies (Ossuary)
  6 adders
  23 gnolls
  2 shadow imps
  A white imp (D:6)
  An ufetubus (D:7)
  2 worms
  4 dart slugs
  100 orcs
  5 endoplasms
  2 giant cockroaches (D:2)
  A gnoll zombie (Ossuary)
  6 goblins
  7 hobgoblins
  19 kobolds
  2 quokkas (D:2)
  10 ball pythons
  5 bats
  2 frilled lizards
  A kobold zombie (Ossuary)
  An orc zombie (Ossuary)
  3 rats
  A rat zombie (D:4)
  A bush (D:1)
  A butterfly (Lair:6)
  2 withered plants (Gauntlet)
862 creatures vanquished.

Vanquished Creatures (others)
  A manticore (D:13)
  2 foxfires (Lair:4)
  37 fungi
  41 plants
  9 withered plants
90 creatures vanquished.

Grand Total: 952 creatures vanquished

Notes
Turn   | Place    | Note
-------+----------+-------------------------------------------
     0 | D:1      | experimilk the Palentonga Fighter began the quest for the
                  | Orb.
     0 | D:1      | Reached XP level 1. HP: 19/19 MP: 1/1
   464 | D:1      | Reached XP level 2. HP: 24/25 MP: 2/2
   654 | D:1      | Reached skill level 3 in Axes
   753 | D:1      | Found a faded altar of an unknown god.
  1600 | D:2      | Reached XP level 3. HP: 22/31 MP: 3/3
  2180 | D:2      | Reached skill level 4 in Axes
  2645 | D:3      | Found a shadowy altar of Dithmenos.
  2655 | D:3      | Noticed Jessica
  2657 | D:3      | Killed Jessica
  2658 | D:3      | Reached XP level 4. HP: 37/37 MP: 4/4
  2931 | D:3      | Noticed Sigmund
  2943 | D:3      | Killed Sigmund
  2944 | D:3      | Reached skill level 6 in Axes
  2944 | D:3      | Reached XP level 5. HP: 29/43 MP: 5/5
  3230 | D:3      | Reached XP level 6. HP: 50/50 MP: 6/6
  3879 | D:4      | Reached skill level 1 in Throwing
  4023 | D:4      | Found a staircase to the Ecumenical Temple.
  4045 | Temple   | Entered the Ecumenical Temple
  4271 | Temple   | Became a worshipper of Warmaster Okawaru
  4491 | D:4      | Found Gaanwaf's Weapon Emporium.
  4698 | D:4      | Found an ancient bone altar of Kikubaaqudgha.
  4853 | D:5      | Entered Level 5 of the Dungeon
  4933 | D:4      | Gained mutation: You curl defensively after being hit. (AC
                  | +7*) [Palentonga growth]
  4933 | D:4      | Reached XP level 7. HP: 44/55 MP: 7/7
  5149 | D:5      | Found a faded altar of an unknown god.
  5332 | D:5      | Found Ysitank's Fire Supplies.
  5339 | D:5      | Reached skill level 7 in Axes
  5435 | D:5      | Reached * piety under Okawaru
  5514 | D:5      | Reached XP level 8. HP: 51/64 MP: 8/8
  5842 | D:5      | Found a blossoming altar of Fedhas.
  6209 | D:6      | Found a sand-covered staircase.
  6262 | Ossuary  | Entered an ossuary
  6354 | Ossuary  | Reached skill level 8 in Axes
  6586 | Ossuary  | Reached skill level 5 in Fighting
  7175 | D:6      | Reached ** piety under Okawaru
  7176 | D:6      | Reached skill level 9 in Axes
  8447 | D:6      | Found a glowing golden altar of the Shining One.
  8449 | D:6      | Noticed an angel
  8454 | D:6      | Found a basalt altar of Yredelemnul.
  8456 | D:6      | Noticed a profane servitor
  8644 | D:7      | Found Illee's General Store.
  8645 | D:7      | Found a hide-covered altar of Uskayaw.
  8650 | D:7      | Reached skill level 1 in Invocations
  8650 | D:7      | Reached XP level 9. HP: 73/73 MP: 9/9
  8661 | D:7      | Bought a scroll of silence for 82 gold pieces
  8661 | D:7      | Bought a scroll of fog for 22 gold pieces
  8661 | D:7      | Bought a scroll of holy word for 82 gold pieces
  8674 | D:7      | Found a shimmering blue altar of Sif Muna.
  9744 | D:8      | Noticed Gastronok
  9745 | D:8      | Found a staircase to the Lair.
  9762 | D:8      | Killed Gastronok
  9762 | D:8      | Reached *** piety under Okawaru
  9762 | D:8      | Reached **** piety under Okawaru
  9763 | D:8      | Reached skill level 10 in Axes
  9985 | D:8      | Found a shimmering altar of Xom.
  9985 | D:8      | Found a shimmering altar of Xom.
  9986 | D:8      | Found a shimmering altar of Xom.
  9987 | D:8      | Found a shimmering altar of Xom.
  9988 | D:8      | Found a shimmering altar of Xom.
 10427 | D:8      | Noticed Pikel
 10436 | D:8      | Killed Pikel
 10437 | D:8      | Reached skill level 11 in Axes
 10437 | D:8      | Reached XP level 10. HP: 75/84 MP: 12/12
 10462 | D:8      | Noticed Maggie
 10470 | D:8      | Killed Maggie
 10470 | D:8      | Reached ***** piety under Okawaru
 10532 | D:8      | Found a bloodstained altar of Trog.
 10680 | D:8      | Found a shimmering altar of Xom.
 10683 | D:8      | Noticed a harpy
 10683 | D:8      | an unseen horror changed into a harpy
 10685 | D:8      | Noticed a cane toad
 10685 | D:8      | a harpy changed into a cane toad
 10724 | D:8      | Received a gift from Okawaru
 10729 | D:8      | Reached skill level 5 in Armour
 11651 | D:9      | Noticed Erolcha
 11691 | D:9      | Killed Erolcha
 11691 | D:9      | Received a gift from Okawaru
 11692 | D:9      | Reached skill level 12 in Axes
 12190 | D:9      | Noticed Maurice
 12221 | D:9      | Killed Maurice
 12948 | D:9      | Reached XP level 11. HP: 80/95 MP: 13/13
 13101 | D:10     | Entered Level 10 of the Dungeon
 13793 | D:11     | Found a staircase to the Orcish Mines.
 13794 | D:11     | Noticed a two-headed ogre
 13804 | D:11     | Killed a two-headed ogre
 13943 | Lair:1   | Entered Level 1 of the Lair of Beasts
 13952 | Lair:1   | Reached skill level 5 in Invocations
 13952 | Lair:1   | Received a gift from Okawaru
 14269 | Lair:1   | Reached skill level 13 in Axes
 14641 | Lair:1   | Reached skill level 10 in Fighting
 14716 | Lair:1   | Reached XP level 12. HP: 62/103 MP: 10/16
 15261 | Lair:2   | Reached skill level 14 in Axes
 15594 | Lair:2   | Noticed an eight-headed hydra
 15612 | Lair:2   | Killed a six-headed hydra
 15811 | Lair:2   | Received a gift from Okawaru
 15863 | Lair:2   | Noticed a boulder beetle
 15871 | Lair:2   | Killed a boulder beetle
 16021 | Lair:2   | Found a hole to the Spider Nest.
 16531 | Lair:3   | Received a gift from Okawaru
 16626 | Lair:3   | Noticed a five-headed hydra
 16635 | Lair:3   | Killed a one-headed hydra
 16724 | Lair:3   | Reached skill level 15 in Axes
 17218 | Lair:3   | Noticed a six-headed hydra
 17229 | Lair:3   | Killed a one-headed hydra
 17854 | Lair:4   | Reached XP level 13. HP: 114/114 MP: 17/17
 18653 | Lair:4   | Found a staircase to the Swamp.
 18659 | Lair:4   | Identified the +7 scale mail of Okawaru's Wrath {rPois
                  | Will- Int+5 Stlth+} (Okawaru gifted it to you on level 4 of
                  | the Lair of Beasts)
 18659 | Lair:4   | Received a gift from Okawaru
 18961 | Lair:4   | Identified the +1 whip of the Egg {vamp, rPois rF- rN++
                  | Int+2}
 19895 | Lair:5   | Found a viscous altar of Jiyva.
 19895 | Lair:5   | Found a staircase to the Slime Pits.
 20350 | Lair:6   | Entered Level 6 of the Lair of Beasts
 20557 | Lair:6   | Noticed Snorg
 20569 | Lair:6   | Killed Snorg
 20746 | Lair:6   | Reached skill level 5 in Throwing
 20841 | Lair:6   | Identified the +6 quick blade of Erghiate {venom, rC++
                  | Int-4 Stlth+} (Okawaru gifted it to you on level 6 of the
                  | Lair of Beasts)
 20841 | Lair:6   | Received a gift from Okawaru
 21078 | Lair:6   | HP: 5/116 [death yak (5)]
 21470 | Lair:5   | Reached skill level 16 in Axes
 21686 | Lair:6   | Reached XP level 14. HP: 113/124 MP: 19/19
 22024 | Lair:6   | Received a gift from Okawaru
 23095 | Lair:6   | Reached ****** piety under Okawaru
 23426 | Orc:1    | Entered Level 1 of the Orcish Mines
 23444 | Orc:1    | Noticed an orc warlord
 23665 | D:11     | Received a gift from Okawaru
 24130 | D:11     | Killed an orc warlord
 24130 | D:11     | Identified the +8 chain mail of the Clam {rPois rN+ Int+5}
                  | (Okawaru gifted it to you on level 11 of the Dungeon)
 24130 | D:11     | Received a gift from Okawaru
 24411 | Orc:1    | Found Kaowkiac's Distillery.
 24420 | Orc:1    | Bought a potion of curing for 33 gold pieces
 24420 | Orc:1    | Bought a potion of heal wounds for 55 gold pieces
 24420 | Orc:1    | Bought a potion of curing for 33 gold pieces
 24529 | Orc:2    | Entered Level 2 of the Orcish Mines
 24629 | Orc:2    | Found Gidiak's General Store.
 24730 | Orc:2    | Bought a scroll of teleportation for 33 gold pieces
 24730 | Orc:2    | Bought a potion of berserk rage for 55 gold pieces
 24738 | Orc:2    | Noticed an orc warlord
 25025 | Orc:1    | Killed an orc warlord
 25026 | Orc:1    | Reached skill level 17 in Axes
 25452 | Orc:2    | Found a staircase to the Elven Halls.
 25463 | Orc:2    | Found Sipifig's Book Boutique.
 25489 | Orc:2    | Found Hadoodd's Antique Weapon Emporium.
 25660 | Orc:2    | Noticed an orc warlord
 25686 | Orc:2    | Killed an orc warlord
 26373 | Orc:2    | Found Aczupouti's Antique Armour Shop.
 26732 | Orc:2    | Bought a runed helmet for 232 gold pieces
 26880 | D:12     | Found a flickering gateway to a bazaar.
 26889 | Bazaar   | Entered a bazaar
 26893 | Bazaar   | Found Wicaewav's Jewellery Boutique.
 26912 | Bazaar   | Found Duefuc's Antique Armour Shoppe.
 26929 | Bazaar   | Found Qaonnurgh's Distillery.
 26947 | Bazaar   | Found Ciwkuaq's Armour Emporium.
 26970 | Bazaar   | Bought the ring of Qazlal's Felicitations {rC+ rCorr} for
                  | 526 gold pieces
 26970 | Bazaar   | Bought an amulet of reflection for 420 gold pieces
 27038 | Bazaar   | Bought a potion of invisibility for 104 gold pieces
 27038 | Bazaar   | Bought a potion of resistance for 130 gold pieces
 27038 | Bazaar   | Bought a potion of haste for 130 gold pieces
 27038 | Bazaar   | Bought a potion of ambrosia for 104 gold pieces
 27861 | D:13     | Noticed Urug
 27874 | D:13     | Killed Urug
 27938 | D:13     | Noticed Josephine
 27945 | D:13     | Killed Josephine
 27946 | D:13     | Reached XP level 15. HP: 119/133 MP: 21/21
 28200 | D:13     | Reached skill level 18 in Axes
 28244 | D:13     | Noticed Kirke
 28250 | D:13     | Killed Kirke
 28337 | D:13     | Received a gift from Okawaru
 28349 | D:13     | Found a gate to the Vaults.
 28832 | D:13     | Noticed Jorgrun
 28838 | D:13     | Killed Jorgrun
 29048 | D:14     | Reached skill level 15 in Fighting
 29849 | D:14     | Found a runed translucent gate.
 29849 | D:14     | Found a runed translucent gate.
 29850 | D:14     | Found a runed translucent gate.
 29984 | D:14     | Noticed Ydeghy's ghost (journeyman OpWr)
 29984 | D:14     | Noticed Onwo's ghost (journeyman DDNe)
 30661 | Arena    | Entered the Arena
 30666 | Arena    | Killed Ydeghy's ghost
 30706 | D:14     | Killed Onwo's ghost
 30713 | D:14     | Identified the +2 helmet of the Harvest {Str+7 Int-4}
 30868 | D:15     | Entered Level 15 of the Dungeon
 30872 | D:15     | Found a gate leading to a gauntlet.
 30913 | Gauntlet | Entered a Gauntlet
 30913 | Gauntlet | Found a transporter.
 30913 | Gauntlet | Found a transporter.
 30913 | Gauntlet | Found a transporter.
 30934 | Gauntlet | Found a transporter.
 30944 | Gauntlet | Found a transporter.
 30944 | Gauntlet | Found the +3 hat of Pondering {ponderous, Will+ MP+10
                  | Int+5}
 30966 | Gauntlet | Found a transporter.
 30974 | Gauntlet | Found a transporter.
 30980 | Gauntlet | Found a transporter.
 30997 | Gauntlet | Found a transporter.
 31005 | Gauntlet | Found a transporter.
 31023 | Gauntlet | Found a transporter.
 31054 | Gauntlet | Found a transporter.
 31113 | Gauntlet | Upgraded the game from 0.29-a0-320-g9f8742066b to
                  | 0.29-a0-321-gf1c400731a
 31196 | Gauntlet | Identified the ring of Ihenable {*Corrode rPois Dex+6
                  | Slay+2 Stlth+}
 31230 | Arena    | Entered the Arena
 31277 | Gauntlet | Identified the +2 hat "Nomur" {rN+ Stlth+}
 31292 | Gauntlet | Identified the +2 kite shield "Qoeveci" {Will- Int+4 Dex+3}
 31307 | Gauntlet | Identified the +1 leather armour "Yshuowy" {Fly}
 31341 | Gauntlet | Received a gift from Okawaru
 32278 | D:15     | Found a staircase to the Depths.
 32282 | D:15     | Received a gift from Okawaru
 32673 | Spider:1 | Entered Level 1 of the Spider Nest
 32911 | Spider:1 | Reached skill level 10 in Invocations
 33293 | Spider:1 | Noticed Roxanne
 33418 | Spider:1 | Reached XP level 16. HP: 142/145 MP: 23/23
 33692 | Spider:2 | Identified the +1 plate armour "Neperaf" {MP+9}
 33750 | Arena    | Entered the Arena
 34073 | Spider:2 | Received a gift from Okawaru
 34560 | Spider:2 | Received a gift from Okawaru
 34565 | Spider:2 | Reached skill level 19 in Axes
 36389 | Spider:4 | Entered Level 4 of the Spider Nest
 36612 | Arena    | Entered the Arena
 36620 | Arena    | Reached skill level 10 in Armour
 37482 | Spider:4 | Noticed Arachne
 37957 | Spider:4 | Killed Arachne
 38077 | Spider:4 | Received a gift from Okawaru
 38162 | Spider:4 | HP: 1/145 [disintegration (46)]
 38166 | Spider:4 | Blown up by an orb spider

Illustrated notes

Levels and vault maps discovered:
D:1:      sevenhm_arrival_forest_fort_large_4, layout_loops_corners,
          hellmonk_ecumenical_altar_run_dry, minmay_hedge_maze, st_stairs_7
D:2:      minmay_spotlight, layout_basic
D:3:      layout_basic, mainiacjoe_overflow_boulevard, dk_noncrumbling_3,
          uniq_sigmund, uniq_jessica
D:4:      layout_basic, lemuel_zombie_altar_kikubaaqudgha, temple_pool_b,
          serial_shops, shop_fountains, kennysheep_decorative_pillar
D:5:      layout_cave_pools, fedhas_bush_and_centaur_altar, serial_column_ruins,
          column_ruins_temple_circle, column_ruins_square_large,
          column_ruins_open_tiny, column_ruins_grid_1, column_ruins_open_medium,
          column_ruins_open_large, column_ruins_open_small_water,
          nicolae_shop_fire_sale [nicolae_sub_dead_trees],
          nicolae_elevator_lobby_asterisk
D:6:      layout_loops_corners, grunt_temple_overflow_holy_war,
          lightli_ossuary_entry_decrepit_ruins
D:7:      layout_basic, mainiacjoe_overflow_large_starburst, serial_shops, shop,
          grunt_decor_fettered
D:8:      layout_cave_pods, xom_shifter_show, bloody_trog, lair_entry_dummy,
          uniq_gastronok, uniq_pikel, uniq_maggie
D:9:      layout_stronghold, uniq_maurice, uniq_erolcha
D:10:     layout_cave_pools
D:11:     layout_rooms, orc_0_dummy
D:12:     layout_roguey, serial_shops, bzr_entry_water
D:13:     layout_roguey [special_room_orc], david_vaults_1, nicolae_sextant,
          uniq_josephine, uniq_kirke, uniq_urug, uniq_jorgrun
D:14:     layout_loops_ring, dreamdust_wishing_well, gammafunk_ghost_cemetery
D:15:     grunt_enter_depths_hoard, layout_stronghold, serial_glass,
          glass_columns_a, glass_columns_a, glass_columns_b, glass_columns_a,
          glass_columns_a, glass_columns_b, glass_columns_a, glass_columns_c,
          glass_columns_a, glass_columns_a, minmay_strange_pillars,
          gauntlet_entry_generic, abandoned_shop
Temple:   nicolae_temple_figure_eight
Lair:1:   layout_roguey, chequers_serial_rivers_small_3, grunt_megastairs_1
Lair:2:   layout_chaotic_city, spider_nest_entry_rubble, serial_bayou_shore_a
Lair:3:   layout_long_grid, lemuel_fruit_tree, serial_bayou_shore_b,
          grunt_megastairs_3, infiniplex_staircase_pool
Lair:4:   dreamdust_cave_troll, layout_long_grid, minmay_swamp_entry_wisps,
          patterned_corridor, infiniplex_staircase_pool_2
Lair:5:   layout_cave_pods, dpeg_slime_entry_enclosed_altar, grunt_megastairs_2
Lair:6:   evilmike_catoblepas_cave, layout_big_grid, minmay_lair_oklob_bushes,
          lemuel_fruit_fields, uniq_snorg
Spider:1: layout_spider_delve, uniq_agnes, uniq_asterion, uniq_roxanne
Spider:2: layout_chambers
Spider:3: layout_spider_delve, gammafunk_ghost_tricky_traps
Spider:4: johnstein_spider_rune_arachne_lair
Orc:1:    layout_diamond_mine, basic_altar, serial_shops, shop
Orc:2:    grunt_orc_gardens, layout_caves, grunt_orc_garden, grunt_orc_garden,
          grunt_orc_garden, grunt_orc_garden

Skill      XL: |  1  2  3  4  5  6  7  8  9 10 11 12 13 14 15 16 |
---------------+-------------------------------------------------+-----
Axes           | 3 4 6 7 9 11 12 13 15 16 17 18 19 | 19.9
Throwing       | 1 3 5 6 7 9 |  9.0
Armour         | 3 4 6 7 8 9 10 | 10.5
Fighting       | 4 6 7 9 10 11 12 13 15 | 15.0
Invocations    | 1 3 6 7 9 10 11 | 11.4
Shields        | |  2.4

Action                   |  1- 3 |  4- 6 |  7- 9 | 10-12 | 13-15 | 16-18 || total
-------------------------+-------+-------+-------+-------+-------+-------++-------
Melee: War axe           |   140 |    91 |    64 |     8 |       |       ||   303
       Tailslap          |    23 |    11 |    45 |    62 |   145 |    58 ||   344
       Hand axe          |       |       |   241 |    74 |       |       ||   315
       Battleaxe         |       |       |       |   350 |   820 |   366 ||  1536
Throw: Stone             |    12 |    17 |     5 |       |       |       ||    34
       Dart              |       |       |     6 |     3 |    28 |     2 ||    39
       Boomerang         |       |       |     5 |    18 |    15 |       ||    38
       Javelin           |       |       |       |     3 |    36 |     6 ||    45
Invok: Heroism           |       |       |     3 |     7 |    21 |     4 ||    35
       Finesse           |       |       |       |     4 |    10 |     4 ||    18
       Duel              |       |       |       |       |     2 |     2 ||     4
 Abil: Rolling Charge    |     4 |    23 |    37 |    80 |   128 |    68 ||   340
Evoke: Wand              |       |       |     5 |     5 |       |       ||    10
       Phial of floods   |       |       |       |     1 |     1 |       ||     2
       Tin of tremorston |       |       |       |       |     4 |     3 ||     7
  Use: Potion            |     1 |     1 |     1 |       |     3 |     6 ||    12
       Scroll            |     1 |     4 |    10 |    13 |    12 |     3 ||    43
Armor: Scale mail        |    30 |       |    93 |   302 |   242 |       ||   667
       Ring mail         |    18 |    48 |    39 |       |       |       ||   105
       Chain mail        |       |       |       |       |   383 |   430 ||   813
Dodge: Dodged            |    28 |    30 |    61 |   174 |   224 |    89 ||   606
Block: Buckler           |    14 |    16 |    12 |       |       |       ||    42
       Kite shield       |       |       |    92 |    40 |       |       ||   132
       Other             |       |       |       |       |    69 |    89 ||   158
       Reflection        |       |       |       |       |     5 |       ||     5

Table legend: (Time is in decaauts)
 A = Elapsed time spent in this place.
 B = Non-inter-level travel time spent in this place.
 C = Inter-level travel time spent in this place.
 D = Time resting spent in this place.
 E = Time spent auto-exploring this place.
 F = Levels seen in this place.
 G = Mean time per level.
                   A        B        C        D        E       F      G
               +--------+--------+--------+--------+--------+-----+--------+
         Total |  38072 |  36434 |   1638 |  15035 |  10563 |  35 | 1087.8 |
       Dungeon |  19322 |  18224 |   1098 |   6729 |   6630 |  15 | 1288.1 |
        Temple |    249 |    249 |      0 |      0 |    197 |   1 |  249.0 |
          Lair |   9416 |   9130 |    286 |   4129 |   2424 |   6 | 1569.3 |
   Spider Nest |   5365 |   5227 |    138 |   2744 |    823 |   4 | 1341.2 |
  Orcish Mines |   2567 |   2453 |    114 |   1152 |    489 |   2 | 1283.5 |
        Bazaar |    193 |    193 |      0 |      0 |      0 |   1 |  193.0 |
       Ossuary |    477 |    477 |      0 |    217 |      0 |   1 |  477.0 |
      Gauntlet |    395 |    395 |      0 |     13 |      0 |   1 |  395.0 |
         Arena |     84 |     84 |      0 |     50 |      0 |   4 |   21.0 |
               +--------+--------+--------+--------+--------+-----+--------+

Top non-repeatable levels by time:
  Lair:6: 2357 daAuts
Spider:2: 2188 daAuts
     D:6: 2039 daAuts
     D:9: 1843 daAuts
   Orc:2: 1820 daAuts
    D:13: 1801 daAuts
  Lair:5: 1772 daAuts
     D:8: 1753 daAuts
Spider:4: 1687 daAuts
  Lair:3: 1438 daAuts
     D:4: 1422 daAuts
  Lair:2: 1372 daAuts
     D:1: 1350 daAuts
     D:2: 1301 daAuts
  Lair:1: 1293 daAuts
